 Dungeon Crawl Stone Soup version 0.15.0-22-g71df38d (console) character file.

217 gw the Cudgeler (level 5, -5/33 HPs)
             Began as a Gargoyle Berserker on Sept 8, 2014.
             Was a Priest of Trog.
             Killed from afar by an orc wizard (7 damage)
             ... with a puff of flame
             ... on Level 3 of the Dungeon.
             The game lasted 00:02:12 (3667 turns).

gw the Cudgeler (Gargoyle Berserker)                Turns: 3667, Time: 00:02:12

HP  -5/33        AC 15     Str 20      XL: 5   Next: 94%
MP   5/5         EV  7     Int  8      God: Trog [***...]
Gold 0           SH  0     Dex 10      Spells:  0 memorised,  4 levels left

rFire  . . .     SeeInvis .     o - +0 flail
rCold  . . .     Clarity  .     n - +0 chain mail
rNeg   + + .     rCorr    .     (no shield)
rPois  +         rRot     +     j - +2 hat
rElec  +         Spirit   .     (no cloak)
SustAb .         Warding  .     (no gloves)
rMut   .         Stasis   .     (no boots)
Gourm  .                        h - amulet of rage
MR     .....                    g - ring of positive energy
                                d - cursed ring of loudness

@: not resistant to hostile enchantments, extremely unstealthy
A: negative energy resistance 1, electricity resistance, unbreathing,
petrification resistance, rot immunity, AC +4
a: Burn Spellbooks, Berserk, Trog's Hand, Renounce Religion, Evoke Berserk Rage


You were on level 3 of the Dungeon.
You worshipped Trog.
Trog was most pleased with you.
You were hungry.

You visited 1 branch of the dungeon, and saw 3 of its levels.

Inventory:

Hand weapons
 o - a +0 flail (weapon)
Missiles
 f - 13 stones (quivered)
Armour
 j - a +2 hat (worn)
 n - a +0 chain mail (worn)
Comestibles
 c - 2 bread rations
Scrolls
 e - 3 scrolls of identify
 k - a scroll of teleportation
 m - a scroll of recharging {unknown}
Jewellery
 d - a cursed ring of loudness (left hand)
 g - a ring of positive energy (right hand)
 h - an amulet of rage (around neck)
Potions
 b - a potion of restore abilities {unknown}


   Skills:
 + Level 4.0 Fighting
 * Level 4.8 Maces & Flails
 + Level 2.2 Throwing
 + Level 3.5 Armour
 - Level 1.5 Dodging


You had 4 spell levels left.
You didn't know any spells.

Dungeon Overview and Level Annotations

Branches:
Dungeon (3/15)

Altars:
Cheibriados


Innate Abilities, Weirdness & Mutations

You are resistant to torment.
You are immune to poison.
Your stone body is very resilient (AC +4).
You resist negative energy.
You are resistant to electric shocks.
You can survive without breathing.
You are immune to petrification.
You are immune to rotting.


Message History

MOVING TO (-7,1)
You hear some strange, mumbled words.
The puff of flame hits you!
MOVING TO (-6,1)
The magic dart hits you!
MOVING TO (-5,1) MOVING TO (-4,0)
A hobgoblin comes into view.
The hobgoblin shouts!
MOVING TO (-3,0) MOVING TO (-2,0) MOVING TO (-1,0) MOVING TO (8,-1)
You hear some strange, mumbled words.
The puff of flame hits you! The orc hits you but does no damage.
MOVING TO (7,-2)
The hobgoblin closely misses you.
You hear some strange, mumbled words.
The puff of flame hits you!
You die...

.... #.....##.#####. .....
#.....## #. ...... #.....#
#. ....... #.....##.#####.
....... #.....##.......
....... #.....#######.#
........#####..)..# #.#
......[..o.....##########+#
..........9....%...........
........g.....#######.....
####..........# #.....
#..........# ###.....
#..........# #.......
#..........# #.######
#..........# #.# #.
..........# #.# #. ########
#.# #.


You could see an orc and a hobgoblin.

Table legend:
 A = Turns spent in this place as a percentage of turns spent in the entire game.
 B = Non-inter-level travel turns spent in this place as a percentage of non-inter-level travel turns spent in the entire game.
 C = Inter-level travel turns spent in this place as a percentage of turns spent in this place.
 D = Turns resting spent in this place as a percentage of non-inter-level travel turns spent in this place.
 E = Turns spent auto-exploring this place as a percentage of non-inter-level travel turns spent in this place.
 F = Non-inter-level travel turns spent in this place divided by the number of levels of this place that you've seen.
                   A       B       C       D       E      F
               +-------+-------+-------+-------+-------+----------------------
         Total | 100.0 | 100.0 |   0.3 |   3.6 |  13.5 | 348.7
       Dungeon | 100.0 | 100.0 |   0.3 |   3.6 |  13.5 | 348.7
               +-------+-------+-------+-------+-------+----------------------

Table legend:
 A = Kills in this place as a percentage of kills in entire the game.
 B = Kills by you in this place as a percentage of kills by you in the entire game.
 C = Kills by friends in this place as a percentage of kills by friends in the entire game.
 D = Other kills in this place as a percentage of other kills in the entire game.
 E = Experience gained in this place as a percentage of experience gained in the entire game.
 F = Experience gained in this place divided by the number of levels of this place that you have seen.
                   A       B       C       D       E      F
               +-------+-------+-------+-------+-------+----------------------
         Total | 100.0 | 100.0 |  -nan |  -nan | 100.0 | 103.7
       Dungeon | 100.0 | 100.0 |  -nan |  -nan | 100.0 | 103.7
               +-------+-------+-------+-------+-------+----------------------

Vanquished Creatures
  An orc wizard (D:3)
  A worker ant (D:3)
  3 gnolls (D:2)
  6 adders
  2 worms (D:2)
  3 giant geckos
  7 orcs (D:3)
  5 giant cockroaches
  5 goblins
  11 hobgoblins
  8 kobolds
  A quokka (D:2)
  4 bats
  2 giant newts (D:2)
  11 rats
  A plant (D:1)
71 creatures vanquished.

Vanquished Creatures (others)
  A plant (D:1)
1 creature vanquished.

Grand Total: 72 creatures vanquished

Notes
Turn   | Place    | Note
--------------------------------------------------------------
     0 | D:1      | gw, the Gargoyle Berserker, began the quest for the Orb.
     0 | D:1      | Reached XP level 1. HP: 14/14 MP: 1/1
   430 | D:1      | Reached XP level 2. HP: 13/19 MP: 2/2
  1431 | D:2      | Reached XP level 3. HP: 23/23 MP: 3/3
  1438 | D:2      | Reached skill level 1 in Throwing
  1634 | D:2      | Acquired Trog's second power
  1647 | D:2      | Reached XP level 4. HP: 25/28 MP: 4/4
  1781 | D:2      | Reached skill level 4 in Maces & Flails
  2746 | D:2      | Reached XP level 5. HP: 33/33 MP: 5/5
  3255 | D:3      | Found a snail-covered altar of Cheibriados.
  3666 | D:3      | HP: 1/33 [something/puff of flame (6)]
  3667 | D:3      | Killed from afar by an orc wizard

Action                   |  1- 3 |  4- 6 || total
-------------------------+-------+-------++-------
Melee: Mace              |    95 |   169 ||   264
       Flail             |       |    14 ||    14
Throw: Stone             |     1 |   120 ||   121
Invok: Berserk           |     1 |       ||     1
  Use: Scroll            |     3 |     3 ||     6
       Potion            |     2 |       ||     2
  Eat: Chunk             |     4 |     6 ||    10

Vault maps used:
D:1:      roderic_crop_circles_arrival_small
D:2:      first_bread, kennysheep_path_1
D:3:      cheibriados_altar_1
